 Dungeon Crawl Stone Soup version 0.29.1-12-g30fa7ad0bf (webtiles) character file.

Game seed: 2583696267823794857

115 Linkola the Magician (level 4, -3/24 HPs)
             Began as a Deep Elf Air Elementalist on Dec 21, 2022.
             Killed from afar by Natasha (8 damage)
             ... with a magic dart
             ... on level 2 of the Dungeon.
             The game lasted 00:05:16 (1604 turns).

Linkola the Magician (Deep Elf Air Elementalist)    Turns: 1604, Time: 00:05:17

Health: -3/24      AC:  3    Str: 11    XL:     4   Next: 68%
Magic:  0/12       EV: 12    Int: 22    God:
Gold:   197        SH:  0    Dex: 15    Spells: 1/11 levels left

rFire   . . .      SeeInvis .   e - +1 dagger (speed)
rCold   + . .      Faith    .   (no shield)
rNeg    . . .      Spirit   .   g - +1 robe
rPois   .          Reflect  .   (no helmet)
rElec   .          Harm     .   (no cloak)
rCorr   .          Rampage  .   (no gloves)
Will    .....                   (no boots)
Stlth   ++........              (no amulet)
HPRegen 0.08/turn               f - +6 ring of strength
MPRegen 0.13/turn               a - ring of protection from cold

@: no status effects
A: no striking features
a: no special abilities


You were on level 2 of the Dungeon.
You visited 1 branch of the dungeon, and saw 2 of its levels.

You collected 197 gold pieces.

Inventory:

Hand Weapons
 e - a +1 dagger of speed (weapon)
Armour
 g - a +1 robe (worn)
Jewellery
 a - a ring of protection from cold (right hand)
 f - a +6 ring of strength (left hand)
Potions
 b - a potion of magic
 c - 2 potions of haste {unknown}
 d - a potion of might {unknown}
 h - a potion of berserk rage {unknown}


   Skills:
 + Level 2.6 Dodging
 + Level 2.7 Stealth
 + Level 4.3 Spellcasting
 + Level 2.5 Conjurations
 + Level 4.2 Air Magic


You had one spell level left.
You knew the following spells:

 Your Spells              Type           Power      Damage    Failure   Level
a - Shock                 Conj/Air       76%        1d7       2%          1
b - Static Discharge      Conj/Air       19%        3-6/arc   4%          2
c - Swiftness             Air            23%        N/A       6%          3
d - Airstrike             Air            11%        2d(2-18)  19%         4

Your spell library contained the following spells:

 Spells                   Type           Power      Damage    Failure   Level


Dungeon Overview and Level Annotations

Branches:
Dungeon (2/15)

Altars:
Nemelex Xobeh

Shops:
D:1 =

Annotations:
D:2 Natasha


Message History

Press: ? - help, Q - select action, (/) - cycle Shift-Dir - straight line, f/p - Natasha
Aim: Natasha (heavily wounded, unusually resistant, 64% to hit)
The zap misses Natasha.
Aiming: Shock (safe; 2% risk of failure)
Press: ? - help, Q - select action, (/) - cycle Shift-Dir - straight line, f/p - Natasha
Aim: Natasha (heavily wounded, unusually resistant, 64% to hit)
The zap hits Natasha.
Natasha completely resists.
Natasha is heavily wounded.
Aiming: Shock (safe; 2% risk of failure)
Press: ? - help, Q - select action, (/) - cycle Shift-Dir - straight line, f/p - Natasha
Aim: Natasha (heavily wounded, unusually resistant, 64% to hit)
The zap hits Natasha.
Natasha resists.
Natasha is heavily wounded.
Aiming: Shock (safe; 2% risk of failure)
Press: ? - help, Q - select action, (/) - cycle Shift-Dir - straight line, f/p - Natasha
Aim: Natasha (heavily wounded, unusually resistant, 64% to hit)
The zap hits Natasha.
Natasha completely resists.
Natasha is heavily wounded.
Casting: Shock (safe; 2% risk of failure)
Confirm with . or Enter, or press ? or * to list all spells.
A blue arc grounds itself harmlessly.
Natasha claws you!
Casting: Static Discharge (safe; 4% risk of failure)
Confirm with . or Enter, or press ? or * to list all spells.
The air crackles with electrical energy.
Natasha claws you but does no damage.
Aiming: Shock (safe; 2% risk of failure)
Press: ? - help, Q - select action, (/) - cycle Shift-Dir - straight line, f/p - Natasha
Aim: Natasha (heavily wounded, unusually resistant, 64% to hit)
The zap hits Natasha.
Natasha resists.
Natasha is severely wounded.
Natasha claws you!
* * * LOW HITPOINT WARNING * * *
Aiming: Shock (safe; 2% risk of failure)
Press: ? - help, Q - select action, (/) - cycle Shift-Dir - straight line, f/p - Natasha
Aim: Natasha (severely wounded, unusually resistant, 64% to hit)
The zap hits Natasha but does no damage.
Natasha is severely wounded.
Natasha casts a spell at you. The magic dart hits you!
You die...

####### ####.....P..
#.....# #..........†
#.....# #...........
#.....# #...........
#.....# ####......#.
#.....#######......##
#....................
######..............######
.........@................
#######..h...........######
.....................#
############......#########
#...............#.#
#.####.....####.#.#
#..........+....#.#
.######.....##.#.#.#
...............#<..#


You could see Natasha (resistant).

Vanquished Creatures
  An orc priest (D:2)
  Jessica (D:2)
  Natasha (D:2)
  A dart slug (D:2)
  4 orcs (D:2)
  6 endoplasms
  A giant cockroach (D:2)
  A goblin (D:1)
  3 hobgoblins
  4 ball pythons
  A bat (D:1)
  4 kobolds
  3 rats
31 creatures vanquished.

Vanquished Creatures (others)
  9 fungi (D:2)
  4 toadstools (D:2)
13 creatures vanquished.

Grand Total: 44 creatures vanquished

Notes
Turn   | Place    | Note
-------+----------+-------------------------------------------
     0 | D:1      | Linkola the Deep Elf Air Elementalist began the quest for
                  | the Orb.
     0 | D:1      | Reached XP level 1. HP: 10/10 MP: 6/6
   209 | D:1      | Reached XP level 2. HP: 10/15 MP: 1/8
   213 | D:1      | Learned a level 2 spell: Static Discharge
   419 | D:1      | Found Omats's One-of-a-Kind Rings.
  1068 | D:2      | Noticed Jessica
  1071 | D:2      | Killed Jessica
  1072 | D:2      | Reached XP level 3. HP: 16/19 MP: 5/10
  1076 | D:2      | Learned a level 3 spell: Swiftness
  1160 | D:2      | Reached XP level 4. HP: 24/24 MP: 6/12
  1262 | D:2      | Learned a level 4 spell: Airstrike
  1367 | D:2      | Found a sparkling altar of Nemelex Xobeh.
  1494 | D:2      | Noticed Natasha
  1499 | D:2      | Killed Natasha
  1593 | D:2      | Noticed Natasha
  1604 | D:2      | Killed from afar by Natasha

Illustrated notes

Levels and vault maps discovered:
D:1:      minmay_arrival_doors, layout_basic, nicolae_shop_unique_rings,
          chequers_serial_rivers_room_a
D:2:      layout_basic, shapermc_ecumenical_altar_mp_urbaneastern, basic_altar,
          minmay_gold_behind_fungi, uniq_jessica, uniq_sigmund, uniq_natasha

Skill      XL: |  1  2  3  4 |
---------------+-------------+-----
Spellcasting   | 4 |  4.3
Conjurations   | 2 |  2.5
Air Magic      | 4 |  4.2
Dodging        | |  2.6
Stealth        | |  2.7

Action                   |  1- 3 |  4- 6 || total
-------------------------+-------+-------++-------
 Cast: Shock             |    45 |    31 ||    76
       Static Discharge  |     2 |     2 ||     4
  Use: Scroll            |     5 |       ||     5
Armor: Robe              |     1 |     1 ||     2
Dodge: Dodged            |     3 |       ||     3
